 Dungeon Crawl Stone Soup version 0.29.1-15-g9cfb28693d (webtiles) character file.

Game seed: 8051131167071725347

174 raph the Digger (level 5, 0/28 HPs)
             Began as a Deep Elf Earth Elementalist on Mar 18, 2023.
             Slain by an orc
             ... wielding a +0 mace
              (6 damage)
             ... on level 3 of the Dungeon.
             The game lasted 00:02:55 (2498 turns).

raph the Digger (Deep Elf Earth Elementalist)       Turns: 2498, Time: 00:02:56

Health: 0/28       AC:  3    Str:  5    XL:     5   Next: 28%
Magic:  6/11       EV: 16    Int: 22    God:
Gold:   71         SH:  0    Dex: 15    Spells: 4/10 levels left

rFire   . . .      SeeInvis .   b - +2 sling (freeze)
rCold   . . .      Faith    .   (no shield)
rNeg    . . .      Spirit   .   c - +0 robe
rPois   .          Reflect  .   (no helmet)
rElec   .          Harm     .   (no cloak)
rCorr   .          Rampage  .   g - +0 pair of gloves
Will    .....                   (no boots)
Stlth   ++........              (no amulet)
HPRegen 0.09/turn               e - +4 ring of evasion
MPRegen 0.12/turn               (no ring)

@: very slightly contaminated
A: no striking features
a: no special abilities


You were on level 3 of the Dungeon.
You visited 1 branch of the dungeon, and saw 3 of its levels.

You collected 71 gold pieces.

Inventory:

Hand Weapons
 a - a +0 dagger
 b - a +2 sling of freezing (weapon)
Armour
 c - a +0 robe (worn)
 g - a +0 pair of gloves (worn)
Jewellery
 e - a +4 ring of evasion (left hand)
Scrolls
 f - a scroll of fear {unknown}
 h - 3 scrolls of identify {unknown}
 k - a scroll of noise {unknown}
 m - a scroll of silence {unknown}
 n - a scroll of enchant weapon {unknown}
Potions
 d - a potion of magic
 i - a potion of heal wounds {unknown}
 j - 2 potions of curing {unknown}
 l - a potion of mutation {unknown}


   Skills:
 - Level 2.4 Dodging
 - Level 2.4 Stealth
 - Level 3.0 Spellcasting
 - Level 1.1 Transmutations
 + Level 6.6 Earth Magic


You had 4 spell levels left.
You knew the following spells:

 Your Spells              Type           Power      Damage    Failure   Level
a - Sandblast             Erth           64%        2d14      1%          1
b - Passwall              Tmut/Erth      16%        N/A       3%          2
c - Stone Arrow           Conj/Erth      34%        3d9       10%         3

Your spell library contained the following spells:

 Spells                   Type           Power      Damage    Failure   Level
 Slow                     Hex            12%        N/A       12%         1
 Petrify                  Tmut/Erth      20%        N/A       26%         4
 Confusing Touch          Hex            3%         N/A       36%         3
 Vampiric Draining        Necr           3%         2d6       36%         3


Dungeon Overview and Level Annotations

Branches:
Dungeon (3/15)

Altars:


Message History

Press: ? - help, Shift-Dir - straight line, f/p - orc
Aim: an orc, wielding a +0 flail and wearing a +0 ring mail (heavily wounded, 86% to hit)
The blast of sand hits the orc but does no damage.
The orc misses you. The orc hits you with a +0 mace!
An orc wizard comes into view. It is wielding a +0 dagger.
Casting: Sandblast (safe; 1% risk of failure)
Confirm with . or Enter, or press ? or * to list all spells.
Aiming: Sandblast (safe; 1% risk of failure)
Press: ? - help, Shift-Dir - straight line, f - orc
Aim: an orc, wielding a +0 mace, wearing a +0 plate armour and quivering stones (90% to hit)
The blast of sand hits the orc.
The orc is heavily wounded.
The orc hits you with a +0 mace. The orc attacks as you move away!
The orc hits you but does no damage.
Casting: Sandblast (safe; 1% risk of failure)
Confirm with . or Enter, or press ? or * to list all spells.
Aiming: Sandblast (safe; 1% risk of failure)
Press: ? - help, Shift-Dir - straight line, f/p - orc
Aim: an orc, wielding a +0 mace, wearing a +0 plate armour and quivering stones (heavily wounded, 90% to hit)
The blast of sand hits the orc but does no damage.
The orc is heavily wounded.
The orc barely misses you. x2
Casting: Sandblast (safe; 1% risk of failure)
Confirm with . or Enter, or press ? or * to list all spells.
Aiming: Sandblast (safe; 1% risk of failure)
Press: ? - help, Shift-Dir - straight line, f/p - orc
Aim: an orc, wielding a +0 mace, wearing a +0 plate armour and quivering stones (heavily wounded, 90% to hit)
You miscast Sandblast.
You are very lightly contaminated with residual magic.
Nothing appears to happen.
The orc hits you with a +0 mace.
* * * LOW HITPOINT WARNING * * *
Casting: Sandblast (safe; 1% risk of failure)
Confirm with . or Enter, or press ? or * to list all spells.
Aiming: Sandblast (safe; 1% risk of failure)
Press: ? - help, Shift-Dir - straight line, f/p - orc
Aim: an orc, wielding a +0 mace, wearing a +0 plate armour and quivering stones (heavily wounded, 90% to hit)
The blast of sand hits the orc but does no damage.
The orc is heavily wounded.
The orc hits you with a +0 mace.
You die...

.. .# #.#.# #.#.# .#>##
########## #...#
#........#####..## #
#$.##............#
#.##o##..##.#..###.....#
#...Koo@....#..# #.)...#
####.##..####..# #.....#
.. #..# #..# #...... ##
#.... ...# #......
########## ##.....
#..... ##.... ##.## #...


You could see an orc wizard, 2 orcs and a kobold.

Vanquished Creatures
  An ice beast (D:3)
  3 adders (D:2)
  A worm (D:2)
  A dart slug (D:1)
  2 orcs (D:3)
  2 endoplasms (D:1)
  4 giant cockroaches
  5 goblins
  8 hobgoblins
  4 jackals (D:2)
  A quokka (D:3)
  3 ball pythons
  2 frilled lizards (D:1)
  5 kobolds
  2 rats (D:2)
44 creatures vanquished.

Vanquished Creatures (others)
  21 plants (D:3)
  6 toadstools (D:3)
27 creatures vanquished.

Grand Total: 71 creatures vanquished

Notes
Turn   | Place    | Note
-------+----------+-------------------------------------------
     0 | D:1      | raph the Deep Elf Earth Elementalist began the quest for
                  | the Orb.
     0 | D:1      | Reached XP level 1. HP: 10/10 MP: 6/6
   247 | D:1      | Reached skill level 4 in Earth Magic
   247 | D:1      | Reached XP level 2. HP: 15/15 MP: 8/8
   465 | D:1      | Learned a level 2 spell: Passwall
   889 | D:2      | Reached XP level 3. HP: 16/19 MP: 7/9
  1123 | D:2      | Found a faded altar of an unknown god.
  1180 | D:2      | Reached skill level 5 in Earth Magic
  1466 | D:2      | Reached XP level 4. HP: 24/24 MP: 10/10
  1860 | D:2      | Learned a level 3 spell: Stone Arrow
  2111 | D:3      | Noticed an ice beast
  2117 | D:3      | Killed an ice beast
  2118 | D:3      | Reached skill level 6 in Earth Magic
  2118 | D:3      | Reached XP level 5. HP: 13/28 MP: 6/11
  2498 | D:3      | Slain by an orc

Illustrated notes

Levels and vault maps discovered:
D:1:      sevenhm_arrival_forest_fort_small_3, layout_loops_cross
D:2:      layout_loops_corners, nicolae_ecumenical_lake_church,
          amcnicky_mini_pool_small, minmay_misc_feat_room
D:3:      cheibrodos_fertilizer, layout_loops_cross, nicolae_shop_unique_rings,
          minmay_misc_feat_pillars, nicolae_grassy_gnolls

Skill      XL: |  1  2  3  4 |
---------------+-------------+-----
Earth Magic    | 4 5 6 |  6.6
Dodging        | |  2.4
Stealth        | |  2.4
Spellcasting   | |  3.0
Transmutations | |  1.1

Action                   |  1- 3 |  4- 6 || total
-------------------------+-------+-------++-------
 Fire: Sling             |    46 |    17 ||    63
 Cast: Sandblast         |    19 |    17 ||    36
Armor: Robe              |       |     3 ||     3
Dodge: Dodged            |    13 |    11 ||    24
